 Dungeon Crawl Stone Soup version 0.24-a0-115-gd155597 (console) character file.

Game seed: 1271689291614351846

13415 Duffy the Cleaver (level 12, -4/109 (110) HPs)
             Began as a Naga Gladiator on Feb 16, 2019.
             Was a Believer of the Shining One.
             Slain by a slime creature (11 damage)
             ... on level 14 of the Dungeon.
             The game lasted 00:14:43 (13115 turns).

Duffy the Cleaver (Naga Gladiator)                 Turns: 13115, Time: 00:14:44

HP:   -4/109 (110)  AC: 22    Str: 22    XL:     12   Next: 5%
MP:   25/25         EV:  9    Int: 12    God:    the Shining One [**....]
Gold: 412           SH:  0    Dex: 12    Spells: 11/11 levels left

rFire    . . .     SeeInvis +   I - +3 battleaxe
rCold    . . .     Gourm    .   (shield currently unavailable)
rNeg     + . .     Faith    .   E - +5 chain mail "Yfahae" {+Blink MP+9}
rPois    +         Spirit   .   c - +0 helmet
rElec    .         Reflect  .   N - scarf {cloud immunity}
rCorr    .         Harm     .   H - +0 pair of gloves
MR       +....                  (no barding)
Stlth    ..........             (no amulet)
HPRegen  0.28/turn              x - +4 ring of protection
MPRegen  0.19/turn              B - +3 ring of strength

@: lethally poisoned (-4 -> -6), glowing, very slow
A: large, see invisible, deformed body, poison resistance, slowness 2, slow
metabolism 1, spit poison 1, AC +4
a: Spit Poison, Divine Shield, Renounce Religion, Evoke Blink


You were on level 14 of the Dungeon.
You worshipped the Shining One.
The Shining One was pleased with you.
You were not hungry.

You visited 2 branches of the dungeon, and saw 14 of its levels.

You collected 496 gold pieces.
You spent 84 gold pieces at shops.

Inventory:

Hand Weapons
 a - a +0 war axe
 q - the +10 hand axe "Hisaa" {flame, Str+7}
   (You found it on level 4 of the Dungeon)

   It has been specially enchanted to burn those struck by it, causing extra
   injury to most foes and up to half again as much damage against particularly
   susceptible opponents.
   Big, fiery blades are also staple armaments of hydra-hunters.
   It affects your strength (+7).
 C - a +0 blowgun
 I - a +3 battleaxe (weapon)
 R - a +2 broad axe
 T - a +1 dire flail of protection
Missiles
 d - 3 throwing nets (quivered)
Armour
 c - a +0 helmet (worn)
 u - +0 storm dragon scales
 y - a +1 scale mail of fire resistance
 E - the +5 chain mail "Yfahae" (worn) {+Blink MP+9}
   (You found it on level 6 of the Dungeon)

   It affects your magic capacity (+9).
   It lets you blink.
 H - a +0 pair of gloves (worn)
 K - a +1 ring mail of magic resistance
 M - a +0 ring mail of cold resistance
 N - a scarf of cloud immunity (worn)
 U - the +3 leather armour "Geabre" {rPois Regen+ Dex+2}
   (You found it on level 11 of the Dungeon)

   It affects your dexterity (+2).
   It protects you from poison.
   It increases your rate of regeneration.
Jewellery
 x - a +4 ring of protection (left hand)
 B - a +3 ring of strength (right hand)
 D - an uncursed ring of protection from fire
Wands
 t - a wand of paralysis (13)
 v - a wand of iceblast (17)
 w - a wand of random effects (64)
 V - a wand of acid (10)
Scrolls
 e - 4 scrolls of remove curse
 g - 5 scrolls of enchant weapon
 k - a scroll of blinking {unknown}
 m - 3 scrolls of immolation
 p - 3 scrolls of magic mapping
 r - 7 scrolls of enchant armour
 s - a scroll of random uselessness {unknown}
 A - a scroll of silence {unknown}
 F - 4 scrolls of teleportation
 J - a scroll of holy word {unknown}
 L - 2 scrolls of amnesia {unknown}
 O - a scroll of fear {unknown}
 S - a scroll of fog {unknown}
Potions
 b - 5 potions of curing {unknown}
 h - 2 potions of mutation {unknown}
 i - a potion of degeneration {unknown}
 j - 3 potions of brilliance {unknown}
 l - 5 potions of heal wounds {unknown}
 n - 2 potions of cancellation
 o - a potion of ambrosia
 z - 2 potions of flight
 G - 2 potions of berserk rage
 P - a potion of might
 Q - 3 potions of agility
 X - a potion of lignification {unknown}
Comestibles
 f - 15 rations


   Skills:
 + Level 8.1 Fighting
 + Level 10.2 Axes
 - Level 1.7 Throwing
 - Level 8.0 Armour
 - Level 8.0 Dodging
 - Level 6.1 Evocations


You had 11 spell levels left.
You didn't know any spells.
Your spell library contained the following spells:

 Spells                   Type           Power        Failure   Level  Hunger
 Animate Skeleton         Necr           N/A          92%         1    ##.....
 Pain                     Necr           #...         92%         1    ##.....
 Regeneration             Chrm/Necr      #.........   100%        3    ####...
 Vampiric Draining        Necr           #.........   100%        3    ####...
 Animate Dead             Necr           N/A          100%        4    #####..


Dungeon Overview and Level Annotations

Branches:
Dungeon (12/15)            Temple (1/1) D:5            Lair (0/6) D:11
    Orc (0/2) D:10

Altars:
Ashenzari
Cheibriados
Dithmenos
Elyvilon
Fedhas
Gozag
Hepliaklqana
Kikubaaqudgha
Makhleb
Nemelex Xobeh
Okawaru
Qazlal
Ru
Sif Muna
Trog
Uskayaw
Vehumet
Wu Jian
Xom
Yredelemnul
Zin
The Shining One

Shops:
D:6 =   D:10 =*

Annotations:
D:3 exclusion: upstairs
D:9 2 runed translucent doors


Innate Abilities, Weirdness & Mutations

You cannot wear boots.
Your serpentine skin is tough. (AC +4)
You have supernaturally acute eyesight. (SInv)
Armour fits poorly on your strangely shaped body.
Your system is resistant to poisons. (rPois)
You cover ground very slowly.
You have a slow metabolism.
You can spit poison.


Message History

You are too injured to fight recklessly!
You are too injured to fight recklessly!
You are too injured to fight recklessly!
You are too injured to fight recklessly!
You are too injured to fight recklessly!
You are too injured to fight recklessly!
You are too injured to fight recklessly!
You are too injured to fight recklessly!
You are too injured to fight recklessly!
You are too injured to fight recklessly!
You are too injured to fight recklessly!
You are too injured to fight recklessly!
You are too injured to fight recklessly!
You are too injured to fight recklessly!
You are too injured to fight recklessly!
You hit the slime creature.
The slime creature is heavily wounded.
You hit the slime creature. You slash the large slime creature!
You feel sick. The large slime creature hits you!! The slime creature hits you!
You die...

........................
?........................
.......###....(........##
....... #...#......#..##
....... ##.##.#....####
.......##.##........#
.......#...##..#.#.##
......J#..#.#...####
.....OJ@[.......#
.....KJ#(##.##.##
.......######### .......
....... ....... .......
.......


You could see a large slime creature, 2 slime creatures, a two-headed ogre and a
kobold.

Vanquished Creatures
  3 two-headed ogres
  Urug (D:11)
  A death yak (D:11)
  The ghost of galech the Cleaver, a novice DsFi of Okawaru (D:9)
  An ugly thing (D:11)
  A troll (shapeshifter) (D:14)
  A hornet (D:10)
  4 hippogriffs
  2 vampires
  A wraith (D:14)
  Sigmund (D:2)
  4 hungry ghosts
  A basilisk (D:11)
  Edmund (D:4)
  2 water moccasins
  4 sky beasts
  9 ogres
  3 orc warriors
  3 eyes of draining
  2 ice beasts
  2 phantoms
  A necrophage (D:9)
  3 centaurs
  4 crocodiles
  4 big kobolds
  5 bullfrogs
  5 scorpions
  11 wights
  6 howler monkeys
  8 crimson imps
  A quasit (D:7)
  2 bullfrog zombies (D:6)
  6 hounds
  A gnoll shaman (D:6)
  9 jellies
  7 orc priests
  2 centaur skeletons
  2 bullfrog skeletons
  An iguana (D:10)
  Jessica (D:2)
  Natasha (twice) (D:2)
  6 orc wizards
  11 worker ants
  2 hound skeletons (D:9)
  A worker ant zombie (D:6)
  14 gnolls
  10 adders
  3 shadow imps
  6 oozes
  3 adder skeletons
  An adder zombie (D:5)
  7 worms
  2 dart slugs
  3 leopard geckos
  44 orcs
  3 giant cockroaches
  9 goblins
  3 hobgoblins
  21 jackals
  27 kobolds
  5 quokkas
  2 ball python skeletons
  8 bats
  5 frilled lizards
  A jackal skeleton (D:6)
  A leopard gecko zombie (D:5)
  4 rats
331 creatures vanquished.

Notes
Turn   | Place    | Note
-------+----------+-------------------------------------------
     0 | D:1      | Duffy the Naga Gladiator began the quest for the Orb.
     0 | D:1      | Reached XP level 1. HP: 19/19 MP: 1/1
    79 | D:1      | Reached XP level 2. HP: 10/26 MP: 2/2
   615 | D:1      | Reached skill level 4 in Axes
   771 | D:1      | Reached XP level 3. HP: 32/32 MP: 3/3
  1593 | D:2      | Noticed Sigmund
  1600 | D:2      | Killed Sigmund
  1600 | D:2      | Reached skill level 6 in Axes
  1600 | D:2      | Reached XP level 4. HP: 18/39 MP: 4/4
  1600 | D:2      | Reached XP level 5. HP: 21/45 MP: 5/5
  1958 | D:2      | Reached XP level 6. HP: 28/52 MP: 6/6
  2381 | D:2      | Noticed Jessica
  2387 | D:2      | Killed Jessica
  2478 | D:2      | Noticed Natasha
  2487 | D:2      | Killed Natasha
  2526 | D:2      | Found an ancient bone altar of Kikubaaqudgha.
  2916 | D:3      | Reached skill level 7 in Axes
  3148 | D:2      | Noticed Natasha
  3151 | D:2      | Found a hazy altar of Hepliaklqana.
  3154 | D:2      | Killed Natasha
  3895 | D:4      | Got a twisted hand axe
  3896 | D:4      | Identified the +10 hand axe "Hisaa" {flame, Str+7} (You
                  | found it on level 4 of the Dungeon)
  3941 | D:4      | Reached skill level 8 in Axes
  3941 | D:4      | Reached XP level 7. HP: 49/60 MP: 7/7
  4043 | D:4      | Noticed Edmund
  4044 | D:4      | Found an iron altar of Okawaru.
  4048 | D:4      | Killed Edmund
  4207 | D:4      | Reached skill level 1 in Armour
  4337 | D:5      | Entered Level 5 of the Dungeon
  4454 | D:5      | Found a staircase to the Ecumenical Temple.
  4467 | Temple   | Entered the Ecumenical Temple
  4591 | D:5      | Reached XP level 8. HP: 69/69 MP: 8/8
  4627 | D:5      | Found a snail-covered altar of Cheibriados.
  4649 | D:5      | Found a white marble altar of Elyvilon.
  4657 | D:5      | Found an ornate altar of the Wu Jian Council.
  4657 | D:5      | Found a shattered altar of Ashenzari.
  4660 | D:5      | Found a basalt altar of Yredelemnul.
  4661 | D:5      | Found a sacrificial altar of Ru.
  4662 | D:5      | Found a hide-covered altar of Uskayaw.
  5068 | D:6      | Reached skill level 1 in Evocations
  5165 | D:6      | Found a shadowy altar of Dithmenos.
  5350 | D:6      | Found a burning altar of Makhleb.
  5730 | D:6      | Found Naulin's Jewellery Shoppe.
  5819 | D:6      | Found a shimmering altar of Xom.
  6159 | D:6      | Got a faintly humming chain mail
  6170 | D:6      | Identified the +5 chain mail "Yfahae" {+Blink MP+9} (You
                  | found it on level 6 of the Dungeon)
  6323 | D:6      | Reached XP level 9. HP: 79/79 MP: 11/11
  6662 | D:7      | Reached skill level 5 in Fighting
  7539 | D:8      | Reached skill level 5 in Dodging
  7561 | D:8      | Reached skill level 5 in Evocations
  7588 | D:8      | Reached skill level 5 in Armour
  8102 | D:8      | Reached XP level 10. HP: 86/88 MP: 14/14
  8603 | D:9      | Reached skill level 9 in Axes
  8633 | D:9      | Found a shimmering altar of Xom.
  8785 | D:9      | Found a runed translucent door.
  8785 | D:9      | Noticed galech's ghost (novice DsFi)
  8819 | D:9      | Found a glowing golden altar of the Shining One.
  8825 | D:9      | Became a worshipper of the Shining One
  8983 | D:9      | Noticed a two-headed ogre
  8994 | D:9      | Killed a two-headed ogre
  9124 | D:9      | Noticed a naga warrior
  9187 | D:9      | Found a large runed translucent door.
  9187 | D:9      | Found a large runed translucent door.
  9193 | D:9      | Noticed a cyclops
  9194 | D:9      | Noticed a cyclops
  9492 | D:9      | Noticed a centaur warrior
  9584 | D:9      | Killed galech's ghost
  9584 | D:9      | Reached skill level 10 in Axes
  9784 | D:10     | Entered Level 10 of the Dungeon
  9813 | D:10     | Reached * piety under the Shining One
  9831 | D:10     | Found Lucaciq's Jewellery Shop.
  9844 | D:10     | Reached XP level 11. HP: 88/102 MP: 15/15
  9999 | D:10     | Found Ohokyihe's Assorted Antiques.
 10006 | D:10     | Noticed a two-headed ogre
 10012 | D:10     | Killed a two-headed ogre
 10022 | D:10     | Bought a murky inky potion for 27 gold pieces
 10022 | D:10     | Bought a murky inky potion for 27 gold pieces
 10022 | D:10     | Bought a scroll labeled MACROC SICWU for 30 gold pieces
 10308 | D:10     | Found a staircase to the Orcish Mines.
 10833 | D:11     | Noticed a death yak
 10834 | D:11     | Found a staircase to the Lair.
 10834 | D:11     | Noticed a brown ugly thing
 10842 | D:11     | Noticed a two-headed ogre
 10853 | D:11     | Killed a brown ugly thing
 10860 | D:11     | Killed a death yak
 10886 | D:11     | Killed a two-headed ogre
 11602 | D:11     | Reached ** piety under the Shining One
 11628 | D:11     | Noticed Urug
 11644 | D:11     | Killed Urug
 11888 | D:11     | Got a crude leather armour
 11901 | D:11     | Identified the +3 leather armour "Geabre" {rPois Regen+
                  | Dex+2} (You found it on level 11 of the Dungeon)
 12603 | D:12     | You fall through a shaft for 2 floors!
 12993 | D:14     | Reached XP level 12. HP: 108/109 MP: 16/16
 13109 | D:14     | Noticed a two-headed ogre
 13115 | D:14     | Slain by a slime creature

Levels and vault maps discovered:
D:1:      dpeg_arrival_simpleton_b, layout_loops_ring
D:2:      layout_loops_ring, nicolae_overflow_hidden_temple,
          kiku_gazebo_pond_becter, first_ration, uniq_jessica, uniq_sigmund,
          uniq_natasha
D:3:      layout_loops_ring, skrybe_limestone_x, minmay_misc_feat_enclosed,
          serial_bayou_pond_c, minmay_three_crescents
D:4:      layout_basic, okawaru_ov_weapons_minmay, uniq_edmund
D:5:      layout_basic, minitemple, nicolae_overflow_crystal_walls,
          minmay_temple_entry_wispy
D:6:      layout_basic, old_standard_altar, basic_altar, serial_shops,
          nicolae_shop_behind_doors, grunt_dithmenos_smoke
D:7:      layout_basic
D:8:      layout_basic
D:9:      okawaru_arena_lexackson, layout_long_grid, lemuel_round_altar,
          nicolae_tso_swordbearing_angel, gammafunk_ghost_grave,
          hangedman_little_slice_of_home
D:10:     layout_loops_ring, hiddenorc1_lemuel, serial_shops, shop, shop
D:11:     layout_basic, david_lair_generic, uniq_urug
D:12:     layout_loops_ring
D:14:     layout_cross, uniq_snorg
Temple:   nicolae_temple_figure_zero

Skill      XL: |  1  2  3  4  5  6  7  8  9 10 11 12 |
---------------+-------------------------------------+-----
Axes           | 4 6 8 10 | 10.2
Armour         | 1 3 5 7 8 |  8.0
Dodging        | 3 4 5 7 8 |  8.0
Fighting       | 3 4 5 8 |  8.1
Evocations     | 3 6 |  6.1
Throwing       | |  1.7

Action                   |  1- 3 |  4- 6 |  7- 9 | 10-12 || total
-------------------------+-------+-------+-------+-------++-------
Melee: War axe           |    66 |   122 |       |       ||   188
       Hand axe          |       |     3 |   244 |   304 ||   551
       Battleaxe         |       |       |       |    95 ||    95
 Abil: Spit Poison       |    21 |    35 |     3 |       ||    59
  Use: Scroll            |       |       |       |    16 ||    16
  Eat: Chunk             |     2 |     9 |    11 |     6 ||    28
       Ration            |       |       |       |     4 ||     4
Armor: Leather armour    |     9 |       |       |       ||     9
       Ring mail         |    10 |    48 |    15 |       ||    73
       Scale mail        |       |       |    39 |       ||    39
       Chain mail        |       |       |    86 |   213 ||   299
Dodge: Dodged            |    53 |    89 |   120 |   132 ||   394

Table legend:
 A = Non-vault XP
 B = Vault XP
 C = Vault XP percentage of total XP
 D = Non-vault monster count
 E = Vault monster count
 F = Vault count percentage of total count
                 A         B        C        D         E       F
            +---------+---------+-------+---------+---------+-------
      Total |   15152 |    4013 |  20.9 |     290 |      41 |  12.4
            +---------+---------+-------+---------+---------+-------
        D:1 |      58 |       0 |   0.0 |      25 |       0 |   0.0
        D:2 |     107 |     277 |  72.1 |      21 |       3 |  12.5
        D:3 |     103 |      64 |  38.3 |      22 |       6 |  21.4
        D:4 |     236 |     145 |  38.1 |       6 |       1 |  14.3
        D:5 |     279 |       0 |   0.0 |      15 |       0 |   0.0
        D:6 |    1340 |       0 |   0.0 |      36 |       0 |   0.0
        D:7 |     689 |       0 |   0.0 |      26 |       0 |   0.0
        D:8 |    1409 |       0 |   0.0 |      31 |       0 |   0.0
        D:9 |    2962 |    1022 |  25.7 |      37 |       9 |  19.6
       D:10 |    2772 |     208 |   7.0 |      25 |      16 |  39.0
       D:11 |    2889 |    2297 |  44.3 |      16 |       6 |  27.3
       D:12 |     407 |       0 |   0.0 |       8 |       0 |   0.0
       D:14 |    1901 |       0 |   0.0 |      22 |       0 |   0.0
            +---------+---------+-------+---------+---------+-------
